 Dungeon Crawl Stone Soup version 0.26-b1-32-g5d43845318 (webtiles) character file.

Game seed: 16340655863195939988

151 Inarius the Chopper (level 5, 0/41 HPs)
             Began as a Demonspawn Berserker on Jan 9, 2021.
             Was a Believer of Trog.
             Slain by a kobold
             ... wielding a +0 dagger
              (3 damage)
             ... on level 3 of the Dungeon.
             The game lasted 00:02:50 (2302 turns).

Inarius the Chopper (Demonspawn Berserker)          Turns: 2302, Time: 00:02:51

Health: 0/41       AC:  9    Str: 18    XL:     5   Next: 10%
Magic:  5/5        EV:  7    Int:  8    God:    Trog [**....]
Gold:   90         SH:  3    Dex: 13    Spells: 4/4 levels left

rFire    . . .     SeeInvis .   a - +0 hand axe
rCold    . . .     Faith    .   h - +0 buckler
rNeg     . . .     Spirit   .   d - +0 chain mail
rPois    .         Reflect  .   (no helmet)
rElec    .         Harm     .   m - +0 cloak
rCorr    .         Rampage  .   (no gloves)
Will     .....                  (no boots)
Stlth    ..........             (no amulet)
HPRegen  0.13/turn              (no ring)
MPRegen  0.09/turn              (no ring)

@: mighty, lethally poisoned (0 -> -12), berserk cooldown, slowed, very slow
A: powered by pain 2
a: Renounce Religion, Berserk, Trog's Hand


You were on level 3 of the Dungeon.
You worshipped Trog.
Trog was pleased with you.
You visited 1 branch of the dungeon, and saw 3 of its levels.

You collected 90 gold pieces.

Inventory:

Hand Weapons
 a - a +0 hand axe (weapon)
Armour
 d - a +0 chain mail (worn)
 h - a +0 buckler (worn)
 m - a +0 cloak (worn)
Jewellery
 u - a cursed ring of attention {unknown}
Scrolls
 b - a scroll of teleportation {unknown}
 e - a scroll of fear
 f - 2 scrolls of noise {unknown}
 g - 2 scrolls of fog
 k - 2 scrolls of enchant armour {unknown}
 l - 3 scrolls of remove curse {unknown}
 p - a scroll of enchant weapon {unknown}
 q - a scroll of immolation {unknown}
 t - a scroll of identify
 v - a scroll of amnesia {unknown}
Potions
 c - 2 potions of curing
 i - a potion of lignification {unknown}
 j - a potion of mutation {unknown}
 n - a potion of heal wounds {unknown}
 o - a potion of might {unknown}
 r - a potion of flight {unknown}
 s - a potion of ambrosia {unknown}


   Skills:
 + Level 3.6 Fighting
 * Level 4.6 Axes
 + Level 2.3 Armour
 + Level 1.8 Dodging
 + Level 0.4 Shields


You had 4 spell levels left.
You didn't know any spells.
Your spell library was empty.

Dungeon Overview and Level Annotations

Branches:
Dungeon (3/15)

Altars:
Qazlal


Innate Abilities, Weirdness & Mutations

You sometimes gain power by taking damage.


Message History

* * * LOW HITPOINT WARNING * * *
You feel sick.
The kobold throws a poisoned dart.
The poisoned dart hits you.
You are more poisoned.
Your Axes skill increases to level 4!
You have reached level 5!
* * * LOW HITPOINT WARNING * * *
You feel sick.
Things that are here:
a +0 giant spiked club; an ogre corpse You feel a strong urge to attack something.
* * * LOW HITPOINT WARNING * * *
You feel sick.
You are no longer berserk.
You are exhausted.
You feel yourself slow down.
You hit the kobold but do no damage.
* * * LOW HITPOINT WARNING * * *
You feel very sick. The kobold hits you with a +0 dagger.
You die...

.....#..#.####.#### #.#.#
#.#
#..##.#.#...†.....#####.#.#
#.#
...####.######.##...:.....#
#.# #..# #.######.##.......
#.# #..####..........(#####
####.#
#..##..........##.#...
..##.#
...##.###########(#.#
#.##.# #.###.# #.....)..#
#.##.# #.###.# #.##.@.###
#.##.# #.....# #K#.# #.##.#
####### #.#.# #######.##.#
#.#.# ...........# #...#
.######...## ...## ###.#
#.. ..# #># #.. .. #.# #.#
..# #.# #.#


You could see a kobold.

Vanquished Creatures
  An ogre (D:3)
  An adder (D:3)
  2 dart slugs
  5 giant cockroaches
  13 goblins
  3 hobgoblins
  3 jackals (D:3)
  A quokka (D:3)
  2 ball pythons (D:3)
  5 bats
  A frilled lizard (D:1)
  7 kobolds
  7 rats
51 creatures vanquished.

Notes
Turn   | Place    | Note
-------+----------+-------------------------------------------
     0 | D:1      | Inarius the Demonspawn Berserker began the quest for the
                  | Orb.
     0 | D:1      | Reached XP level 1. HP: 18/18 MP: 1/1
   144 | D:1      | Reached skill level 3 in Axes
   495 | D:1      | Gained mutation: You sometimes gain a little power by
                  | taking damage. [demonic ancestry]
   495 | D:1      | Reached XP level 2. HP: 24/24 MP: 2/2
  1078 | D:2      | Gained mutation: You sometimes gain power by taking damage.
                  | [demonic ancestry]
  1078 | D:2      | Reached XP level 3. HP: 29/29 MP: 3/3
  1271 | D:3      | Found a stormy altar of Qazlal.
  1456 | D:3      | Reached ** piety under Trog
  2236 | D:3      | Reached XP level 4. HP: 35/35 MP: 4/4
  2289 | D:3      | Noticed an ogre
  2298 | D:3      | Killed an ogre
  2299 | D:3      | Reached skill level 4 in Axes
  2299 | D:3      | Reached XP level 5. HP: 11/41 MP: 5/5
  2302 | D:3      | Slain by a kobold

Illustrated notes

Levels and vault maps discovered:
D:1:      onia_arrival_mini_spirals, layout_basic
D:2:      layout_rooms
D:3:      kennysheep_goblin_castle, layout_loops_ring,
          makhleb_blood_cavern_becter, eino_tiny_chamber, grunt_qazlal_clouds

Skill      XL: |  1  2  3  4 |
---------------+-------------+-----
Axes           | 3 4 |  4.6
Armour         | 2 |  2.3
Fighting       | |  3.6
Dodging        | |  1.8
Shields        | |  0.4

Action                   |  1- 3 |  4- 6 || total
-------------------------+-------+-------++-------
Melee: Hand axe          |   122 |    12 ||   134
Invok: Berserk           |     1 |     1 ||     2
  Use: Scroll            |     3 |       ||     3
Armor: Chain mail        |    96 |     4 ||   100
Dodge: Dodged            |    47 |     6 ||    53
Block: Buckler           |    15 |       ||    15
